 Dungeon Crawl Stone Soup version 0.15-a0-2193-g309c75d (webtiles) character file.

19 MackTheKnife the Magician (level 2, 0/22 HPs)
             Began as a Naga Wizard on July 22, 2014.
             Slain by a rat (1 damage)
             ... on Level 1 of the Dungeon.
             The game lasted 00:01:12 (325 turns).

MackTheKnife the Magician (Naga Wizard)              Turns: 325, Time: 00:01:13

HP   0/22        AC  2     Str  9      XL: 2   Next: 75%
MP   1/6         EV  9     Int 18      God:
Gold 0           SH  0     Dex  9      Spells:  1 memorised,  6 levels left

rFire  . . .     SeeInvis +     (no weapon)
rCold  . . .     Clarity  .     a - +0 robe
rNeg   . . .     rCorr    .     (no shield)
rPois  +         rRot     .     b - +0 hat
rElec  .         Spirit   .     (no cloak)
SustAb .         Warding  .     g - +0 pair of gloves
rMut   .         Stasis   .     (no barding)
Gourm  .                        (no amulet)
MR     .....                    (no ring)
                                (no ring)

@: short of breath, very slightly contaminated, very slow, not resistant to
hostile enchantments, unstealthy
A: spit poison, see invisible, deformed body, poison resistance, slowness 2
a: Spit Poison


You were on level 1 of the Dungeon.
You were not hungry.

You visited 1 branch of the dungeon, and saw 1 of its levels.


Innate Abilities, Weirdness & Mutations

You cannot wear boots.
You can spit poison.
You have supernaturally acute eyesight.
Armour fits poorly on your strangely shaped body.
Your system is resistant to poisons.
You cover ground very slowly.


   Skills:
 - Level 1.5 Dodging
 - Level 3.0 Stealth
 + Level 3.4 Spellcasting
 + Level 1.9 Conjurations
   Level 1.0 Summonings
   Level 1.0 Translocations


You had 6 spell levels left.
You knew the following spells:

 Your Spells              Type           Power        Failure   Level  Hunger
z - Magic Dart            Conj           #...         10%         1    None

Inventory:

Armour
 a - a +0 robe (worn)
 b - a +0 hat (worn)
 g - a +0 pair of gloves (worn)
Comestibles
 d - a bread ration
Scrolls
 e - a scroll of identify {unknown}
 f - 2 scrolls of teleportation {unknown}
 h - a scroll of remove curse {unknown}
Books
 c - a book of Minor Magic

   Spells                             Type                      Level
   *Magic Dart                        Conjuration                  1
   Blink                              Translocation                2
   Call Imp                           Summoning                    2
   Repel Missiles                     Charms/Air                   2
   Slow                               Hexes                        2
   Conjure Flame                      Conjuration/Fire             3
   Mephitic Cloud                     Conjuration/Poison/Air       3

▒·· ▒·· ··· ▒ ···
▒· ▒·▒ ▒·▒▒·▒▒·▒
▒·▒ ········▒ ▒·▒
▒····▒ ▒·▒ ▒▒· ▒N▒
▒·▒ ▒·· ▒r▒ ▒·▒ ▒··
▒·▒ ▒·▒ ▒·▒··▒▒·▒
▒▒·▒
▒·······▒▒▒▒··▒
▒······▒········▒▒▒
·▒▒▒▒·▒▒···P·P····▒
▒%
▒▒·P▒≈▒P·▒·▒▒▒▒▒)▒
▒ ▒·▒▒≈▒▒·········▒


You could see a rat.


Message History

Use which ability? (? or * to list)
Aim: a gnoll, wielding a whip (heavily wounded)
The splash of poison misses the gnoll.
You feel slightly more hungry. The gnoll completely misses you.
You barely miss the gnoll.
The gnoll is heavily wounded.
The rat bites you but does no damage. The gnoll hits you with a whip.
You barely miss the gnoll.
The gnoll is heavily wounded.
The rat closely misses you. The gnoll hits you with a whip.
* * * LOW HITPOINT WARNING * * *
You have got your breath back.
The gnoll hits you with a whip.
* * * LOW HITPOINT WARNING * * *
Use which ability? (? or * to list)
Aim: a gnoll, wielding a whip (heavily wounded)
The splash of poison hits the gnoll.
The gnoll is poisoned.
The gnoll is almost dead.
You feel slightly more hungry. The gnoll misses you.
Aiming: Magic Dart
Aim: a gnoll, wielding a whip (almost dead, poisoned)
The magic dart hits the gnoll.
You kill the gnoll!
You don't have enough magic to cast that spell.
You barely miss the rat. The rat bites you but does no damage.
You completely miss the rat. The rat bites you.
* * * LOW HITPOINT WARNING * * *
You hit the rat but do no damage. The rat bites you.
You die...

Action                   || total
-------------------------++-------
Melee: Unarmed           ||    23
 Cast: Magic Dart        ||    17
 Abil: Spit Poison       ||     7

Vault maps used:
D:1:      eino_arrival_water_cross, serial_glass, glass_columns_b,
          glass_columns_b, hangedman_decor_slide_cut, minmay_lizard_king

Notes
Turn   | Place    | Note
--------------------------------------------------------------
     0 | D:1      | MackTheKnife, the Naga Wizard, began the quest for the Orb.
     0 | D:1      | Reached XP level 1. HP: 15/15 MP: 4/4
   115 | D:1      | Reached XP level 2. HP: 10/22 MP: 3/6
   319 | D:1      | HP: 2/22 [gnoll/whip (6)]
   324 | D:1      | HP: 1/22 [rat (2)]
   325 | D:1      | Slain by a rat

Vanquished Creatures
  A gnoll (D:1)
  An ooze (D:1)
  A hobgoblin (D:1)
  4 bats (D:1)
  A giant newt (D:1)
8 creatures vanquished.
